 Dungeon Crawl Stone Soup version 0.21-a0-509-gecc5317402 (console) character file.

63 Gottschkopf the Ruffian (level 3, 0/28 HPs)
             Began as a Draconian Transmuter on Nov 29, 2017.
             Succumbed to an adder's poison
             ... on level 2 of the Dungeon.
             The game lasted 00:03:26 (957 turns).

Gottschkopf the Ruffian (Draconian Transmuter)       Turns: 957, Time: 00:03:26

Health: 0/28       AC:  5    Str: 12    XL:     3   Next: 89%
Magic:  6/6        EV: 17    Int: 14    God:
Gold:   88         SH:  0    Dex: 16    Spells: 0/6 levels left

rFire    . . .     SeeInvis .     - Unarmed
rCold    . . .     Gourm    .   (no shield)
rNeg     . . .     Faith    .   (armour unavailable)
rPois    .         Spirit   .   (helmet restricted)
rElec    .         Reflect  .   (no cloak)
rCorr    .         Harm     .   (no gloves)
MR       .....                  (no boots)
Stlth    ++........             (no amulet)
HPRegen  0.09/turn              (no ring)
MPRegen  0.10/turn              (no ring)

@: agile, lethally poisoned (0 -> -3)
A: unfitting armour, cold-blooded, AC +5
a: no special abilities


You were on level 2 of the Dungeon.
You were not hungry.

You visited 1 branch of the dungeon, and saw 2 of its levels.

You collected 88 gold pieces.

Inventory:

Missiles
 a - 12 arrows
Scrolls
 e - a scroll of identify {unknown}
 f - a scroll of enchant armour {unknown}
 g - a scroll of immolation {unknown}
 k - a scroll of enchant weapon {unknown}
Books
 b - a book of Changes

   Spells                             Type                      Level
   a - Beastly Appendage              Transmutation                1
   b - Sticks to Snakes               Transmutation                2
   c - Spider Form                    Transmutation/Poison         3
   d - Ice Form                       Ice/Transmutation            4
   e - Blade Hands                    Transmutation                5
Comestibles
 c - a bread ration
 d - 5 chunks of flesh
 h - a meat ration
 i - a fruit


   Skills:
 - Level 1.1 Fighting
 - Level 1.7 Dodging
 - Level 4.2 Unarmed Combat
 - Level 2.0 Spellcasting
 + Level 2.0 Transmutations
 - Level 2.1 Poison Magic


You couldn't memorise any spells.
You knew the following spells:

 Your Spells              Type           Power        Failure   Level  Hunger
a - Beastly Appendage     Tmut           #.....       11%         1    ##.....
b - Sticks to Snakes      Tmut           #.......     16%         2    ###....
c - Spider Form           Tmut/Pois      #.........   30%         3    ####...


Dungeon Overview and Level Annotations

Branches:
Dungeon (2/15)

Altars:
Fedhas


Innate Abilities, Weirdness & Mutations

Your plain brown scales are hard. (AC +5)
You cannot fit into any form of body armour.
You are cold-blooded and may be slowed by cold attacks.


Message History

You hit the adder.
You kill the adder!
Training target 2.0 for Poison Magic reached!
Your Poison Magic skill increases to level 2!
You need to enable at least one skill for training.
* * * LOW HITPOINT WARNING * * *
You feel sick.
* * * LOW HITPOINT WARNING * * *
You feel sick.
Your transformation is almost over.
* * * LOW HITPOINT WARNING * * *
You feel sick.
It was a potion of agility.
You feel agile all of a sudden.
* * * LOW HITPOINT WARNING * * *
You feel sick.
* * * LOW HITPOINT WARNING * * *
You feel sick.
Your talons disappear.
You die...

.......######.#
.....>. #.#
.....#.
###.###########
.....#.
###..............
(....#.
#...........#####
####
..#....#.#####.#
......#.# .#
##...##)# # ##.#
#@# #. #†# #!#
#.# ..# #.# #.#
...


There were no monsters in sight!

Vanquished Creatures
  A gnoll (D:1)
  An adder (D:2)
  2 dart slugs
  2 leopard geckos
  4 bats
  A giant cockroach (D:1)
  6 goblins
  7 hobgoblins
  3 jackals (D:1)
  2 kobolds
  2 frilled lizards (D:1)
  7 rats (D:1)
38 creatures vanquished.

Notes
Turn   | Place    | Note
-------+----------+-------------------------------------------
     0 | D:1      | Gottschkopf the Draconian Transmuter began the quest for the Orb.
     0 | D:1      | Reached XP level 1. HP: 16/16 MP: 3/3
   119 | D:1      | Reached XP level 2. HP: 19/23 MP: 5/5
   300 | D:1      | Reached skill level 4 in Unarmed Combat
   309 | D:1      | Learned a level 2 spell: Sticks to Snakes
   551 | D:1      | Reached XP level 3. HP: 28/28 MP: 4/6
   556 | D:1      | Learned a level 3 spell: Spider Form
   629 | D:1      | Reached skill level 1 in Poison Magic
   864 | D:2      | Found a blossoming altar of Fedhas.
   951 | D:2      | HP: 1/28 [poisoned by an adder]
   957 | D:2      | Succumbed to an adder's poison

Vault maps used:
D:1:      lightli_arrival_statue_moat, st_stairs_5
D:2:      nicolae_overflow_crystal_walls, kennysheep_generic_room_3

Skill      XL: |  1  2  3 |
---------------+----------+-----
Unarmed Combat | 4 |  4.2
Poison Magic   | 2 |  2.1
Fighting       | |  1.1
Dodging        | |  1.7
Spellcasting   | |  2.0
Transmutations | |  2.0

Action                   || total
-------------------------++-------
Melee: Unarmed           ||   117
       Kick              ||    10
       Tailslap          ||     7
       Punch             ||     1
 Cast: Beastly Appendage ||    25
       Spider Form       ||     1
  Use: Potion            ||     1
 Stab: Sleeping          ||     1
  Eat: Chunk             ||     1
Armor: Skin              ||    28
Dodge: Dodged            ||    83

Table legend:
 A = Spawn XP
 B = Non-spawn XP
 C = Spawn XP percentage of total XP
 D = Spawn monster count
 E = Non-spawn monster count
 F = Spawn count percentage of total count
 G = Total turns spent on level
                    A         B        C        D         E        F      G
               +---------+---------+-------+---------+---------+-------+---------
         Total |       0 |      91 |   0.0 |       0 |      38 |   0.0 |   957
               +---------+---------+-------+---------+---------+-------+---------
           D:1 |       0 |      62 |   0.0 |       0 |      29 |   0.0 |   835
           D:2 |       0 |      29 |   0.0 |       0 |       9 |   0.0 |   122
               +---------+---------+-------+---------+---------+-------+---------
